 Dungeon Crawl Stone Soup version 0.30-a0-1102-g2dbb833546 (webtiles) character file.

Game seed: 5084078750995786049

112 KristoblXynda the Slasher (level 4, 0/38 HPs)
             Began as a Draconian Gladiator on Apr 18, 2023.
             Slain by an adder (1 damage)
             ... on level 3 of the Dungeon.
             The game lasted 00:03:08 (1957 turns).

KristoblXynda the Slasher (Draconian Gladiator)     Turns: 1957, Time: 00:03:09

Health: 0/38       AC:  7    Str: 14 (16) XL:     4   Next: 63%
Magic:  4/4        EV: 12    Int:  9 (10) God:
Gold:   113        SH:  0    Dex: 11 (13) Spells: 3/3 levels left

rFire   . . .      SeeInvis .    a - +0 long sword
rCold   . . .      Faith    .    (no shield)
rNeg    . . .      Spirit   .    (body armour unavailable)
rPois   .          Reflect  .    b - +0 hat
rElec   .          Rampage  .    h - +0 cloak
rCorr   .                        (no gloves)
Will    .....                    p - +0 pair of boots
Stlth   +                        (no amulet)
HPRegen 0.26/turn                (no ring)
MPRegen 0.09/turn                (no ring)

@: brilliant, lethally poisoned (0 -> -2)
A: AC +5, unfitting armour, cold-blooded
a: no special abilities


You were on level 3 of the Dungeon.
You visited 1 branch of the dungeon, and saw 3 of its levels.

You collected 113 gold pieces.

Inventory:

Hand Weapons
 a - a +0 long sword (weapon)
Armour
 b - a +0 hat (worn)
 h - a +0 cloak (worn)
 p - a +0 pair of boots (worn)
Jewellery
 n - a ring of magical power
Scrolls
 e - a scroll of poison {unknown}
 f - 2 scrolls of immolation {unknown}
 i - a scroll of teleportation {unknown}
 q - a scroll of fog {unknown}
 r - a scroll of magic mapping {unknown}
Potions
 j - 2 potions of mutation
 k - a potion of ambrosia
 l - a potion of lignification {unknown}


   Skills:
 + Level 3.2 Fighting
 * Level 4.2 Long Blades
 - Level 2.0 Throwing
 + Level 3.3 Dodging


You had 3 spell levels left.
You didn't know any spells.
Your spell library contained the following spells:

 Spells                   Type           Power      Damage    Failure   Level
 Cigotuvi's Dreadful Rot  Necr/Pois/Air  0%         N/A       52%         2
 Ignite Poison            Fire/Tmut/Pois 0%         N/A       77%         3
 Freezing Cloud           Conj/Ice/Air   0%         6-21      100%        5


Dungeon Overview and Level Annotations

Branches:
Dungeon (3/15)

Altars:


Innate Abilities, Weirdness & Mutations

Your plain brown scales are hard. (AC +5)
You cannot fit into any form of body armour.
You are cold-blooded and may be slowed by cold attacks.


Message History

The orc wizard is heavily wounded.
The adder bites you.
* * * LOW HITPOINT WARNING * * *
The orc wizard hits you but does no damage.
You hit the orc wizard but do no damage.
The orc wizard is heavily wounded.
The adder completely misses you. The orc wizard closely misses you.
The adder bites you but does no damage.
Throw: javelin
Press: ? - help, Q - select action Shift-Dir - straight line, f - orc wizard, p - adder
Aim: an orc wizard, wielding a +0 dagger and wearing a +0 robe (heavily wounded, 51% to hit)
You throw a javelin. The javelin misses the orc wizard.
The adder completely misses you.
The orc wizard hits you with a +0 dagger.
* * * LOW HITPOINT WARNING * * *
The adder barely misses you. The orc wizard misses you.
You hit the orc wizard.
The orc wizard is almost dead.
The adder barely misses you.
The orc wizard hits you but does no damage.
You barely miss the orc wizard.
The orc wizard is almost dead.
The adder bites you.
* * * LOW HITPOINT WARNING * * *
You are lethally poisoned!
The adder poisons you! The orc wizard barely misses you.
The adder bites you but does no damage.
It was a potion of brilliance.
You feel clever all of a sudden.
* * * LOW HITPOINT WARNING * * *
You feel sick. The adder barely misses you.
The orc wizard gestures wildly while chanting.
The orc wizard flickers and vanishes!
Deactivating autopickup; reactivate with Ctrl-A.
It was a potion of degeneration.
There was something very wrong with that liquid.
You feel weakened.
You feel dopey.
You feel clumsy.
* * * LOW HITPOINT WARNING * * *
You feel sick. The adder bites you.
You die...

..†...###.#...)..##..........
..
......###.....#####..........
..
......#.......#...#..)...>...
..
..........#..................
..
.....#.#†.......#............
..
..<.......#.######.##'#######
.. .....#.#....# #(.##..o# ..
............# #{##$8.8.# ..
......<##.### #@##.oo..# ..
..........# #S##.8$8$# ..
..........# ...##$_$## ..
.....##### .. ...(...
####+####


You could see an adder.

Vanquished Creatures
  An orc priest (D:3)
  2 adders
  2 dart slugs (D:1)
  An endoplasm (D:2)
  A giant cockroach (D:1)
  4 goblins
  7 hobgoblins
  9 kobolds
  2 quokkas
  12 ball pythons
  4 bats
  2 frilled lizards
  3 rats
50 creatures vanquished.

Vanquished Creatures (others)
  An orc wizard (D:3)
  A plant (D:1)
2 creatures vanquished.

Grand Total: 52 creatures vanquished

Notes
Turn   | Place    | Note
-------+----------+-------------------------------------------
     0 | D:1      | KristoblXynda the Draconian Gladiator began the quest for
                  | the Orb.
     0 | D:1      | Reached XP level 1. HP: 17/17 MP: 1/1
   146 | D:1      | Reached XP level 2. HP: 25/25 MP: 2/2
   232 | D:1      | Found a faded altar of an unknown god.
   667 | D:2      | Reached XP level 3. HP: 21/30 MP: 3/3
  1781 | D:3      | Reached XP level 4. HP: 32/38 MP: 4/4
  1920 | D:3      | Reached skill level 4 in Long Blades
  1957 | D:3      | HP: 1/38 [poisoned by an adder]
  1957 | D:3      | Slain by an adder

Illustrated notes

Levels and vault maps discovered:
D:1:      roderic_crop_circles_arrival_small, layout_basic,
          basic_ecumenical_altar, minmay_misc_feat_secret_circle,
          reono_crystal_passage
D:2:      layout_basic
D:3:      kennysheep_goblin_castle, layout_basic, serial_glass, glass_columns_a,
          glass_columns_a, glass_columns_b, glass_columns_a, glass_columns_b,
          glass_columns_b, dk_noncrumbling_3, kennysheep_orc_chapel

Skill      XL: |  1  2  3  4 |
---------------+-------------+-----
Throwing       | 2 |  2.0
Dodging        | 3 |  3.3
Fighting       | 3 |  3.2
Long Blades    | 4 |  4.2

Action                     |  1- 3 |  4- 6 || total
---------------------------+-------+-------++-------
  Melee: Long sword        |   120 |    43 ||   163
         Tailslap          |    12 |     2 ||    14
         Punch             |     2 |       ||     2
  Throw: Throwing net      |       |     3 ||     3
         Javelin           |       |     1 ||     1
    Use: Scroll            |     3 |       ||     3
         Potion            |       |     5 ||     5
 Armour: Skin              |    51 |    56 ||   107
  Dodge: Dodged            |    79 |    52 ||   131

Table legend: (Time is in decaauts)
 A = Elapsed time spent in this place.
 B = Non-inter-level travel time spent in this place.
 C = Inter-level travel time spent in this place.
 D = Time resting spent in this place.
 E = Time spent auto-exploring this place.
 F = Levels seen in this place.
 G = Mean time per level.
                   A        B        C        D        E       F      G
               +--------+--------+--------+--------+--------+-----+--------+
         Total |   1994 |   1897 |     97 |     82 |   1322 |   3 |  664.7 |
       Dungeon |   1994 |   1897 |     97 |     82 |   1322 |   3 |  664.7 |
               +--------+--------+--------+--------+--------+-----+--------+

Top non-repeatable levels by time:
     D:2: 968 daAuts
     D:1: 661 daAuts
     D:3: 364 daAuts
